General information
- name: mort
- type: Custom game
- host: Mortar-teaM
- saver: HoneyBlunt
map: EchoIsles
- players: 3
- length: 11:26
- speed: Fast
- version: 1.23 W3XP
- replay type: Public
» download(39 KB)
Players
team 1 (loser)

»
HoneyBlunt (
red | 115 APM | 1311 actions | 11:26)
3 Archmage
1 Brilliance Aura
2 Summon Water Elemental
1 Mountain King
1 Storm Bolt
» actions
| Assign group hotkey | 19 | |
| Basic commands | 5 | |
| Build / train | 49 | |
| ESC pressed | 3 | |
| Enter build submenu | 22 | |
| Enter hero's abilities submenu | 4 | |
| Right click | 756 | |
| Select / deselect | 226 | |
| Select group hotkey | 167 | |
| Use ability | 60 | |
1311 total
» units
| Peasant | 12 | |
| Footman | 8 | |
| Rifleman | 3 | |
| Mortar Team | 3 | |
26 total
» upgrades
| Defend | 1 | |
| Masonry | 2 | |
| Gunpowder | 1 | |
| Lumber Harvesting | 1 | |
5 total
» buildings
| Altar of Kings | 2 | |
| Farm | 8 | |
| Barracks | 1 | |
| Lumber Mill | 1 | |
| Arcane Vault | 1 | |
| Scout Tower | 7 | |
| Guard Tower | 3 | |
| Blacksmith | 1 | |
| Arcane Tower | 1 | |
| Keep | 1 | |
| Workshop | 1 | |
27 total
» build order
00:06 Altar of Kings
00:11 Altar of Kings
00:15 Farm
00:17 Farm
00:19 Farm
00:52 Barracks
01:33 Farm
01:45 Lumber Mill
02:06 Arcane Vault
03:29 Scout Tower
03:31 Scout Tower
03:59 Guard Tower
04:02 Farm
04:06 Blacksmith
04:11 Arcane Tower
04:49 Scout Tower
05:02 Keep
05:15 Scout Tower
06:23 Farm
06:24 Farm
07:52 Workshop
08:04 Scout Tower
08:06 Scout Tower
08:12 Scout Tower
08:38 Guard Tower
09:54 Farm
» items
| Lesser Clarity Potion | 1 | |
| Scroll of Regeneration | 1 | |
2 total
team 2 (winner)
Turky (
blue | 78 APM | 891 actions | 11:26)
5 Death Knight
3 Death Coil
2 Unholy Aura
2 Lich
1 Frost Nova
1 Dark Ritual
» actions
| Assign group hotkey | 60 | |
| Basic commands | 1 | |
| Build / train | 35 | |
| Enter build submenu | 12 | |
| Enter hero's abilities submenu | 7 | |
| Right click | 291 | |
| Select / deselect | 228 | |
| Select group hotkey | 218 | |
| Use ability | 39 | |
891 total
» units
| Acolyte | 4 | |
| Ghoul | 2 | |
| Crypt Fiend | 7 | |
| Obsidian Statue | 3 | |
16 total
» upgrades
| Creature Attack | 1 | |
| Burrow | 1 | |
| Destroyer Form | 1 | |
3 total
» buildings
| Crypt | 1 | |
| Graveyard | 1 | |
| Altar of Darkness | 1 | |
| Ziggurat | 4 | |
| Tomb of Relics | 1 | |
| Halls of the Dead | 1 | |
| Black Citadel | 1 | |
| Slaughterhouse | 1 | |
11 total
» build order
00:07 Crypt
00:14 Graveyard
00:41 Altar of Darkness
01:01 Ziggurat
01:31 Tomb of Relics
02:09 Ziggurat
03:54 Halls of the Dead
04:51 Ziggurat
06:19 Black Citadel
07:04 Slaughterhouse
07:07 Ziggurat
» items
| Rod of Necromancy | 2 | |
| Sacrificial Skull | 1 | |
| Scroll of Town Portal | 1 | |
| Orb of Corruption | 1 | |
5 total
observersMortar-teaM Chat log
(00:29 / All) HoneyBlunt: gl hf
(00:34 / All) Turky: stfu inbred
(00:54 / All) HoneyBlunt: ur tough
(06:37 / All) Turky: might as well leave honeyscrub
(11:25 / All) HoneyBlunt: gg